 Dungeon Crawl Stone Soup version 0.20-a0-454-g2b43fbb (webtiles) character file.

137 HarleyQuinn the Twirler (level 5, -4/38 HPs)
             Began as a Demonspawn Gladiator on Jan 9, 2017.
             Was an Initiate of Kikubaaqudgha.
             Slain by a gnoll (9 damage)
             ... on level 4 of the Dungeon.
             The game lasted 00:03:31 (3521 turns).

HarleyQuinn the Twirler (Demonspawn Gladiator)      Turns: 3521, Time: 00:03:32

Health: -4/38      AC:  3    Str: 14    XL:     5   Next: 0%
Magic:  5/5        EV: 13    Int: 11    God:    Kikubaaqudgha [......]
Gold:   208        SH:  0    Dex: 16    Spells: 4/4 levels left

rFire  + . .     SeeInvis .     a - +0 quarterstaff
rCold  . . .     Gourm    .     l - +0 robe
rNeg   . . .     Faith    .     (shield currently unavailable)
rPois  .         Spirit   .     c - +0 helmet
rElec  .         Reflect  .     (no cloak)
rCorr  .         Harm     .     (no gloves)
MR     .....                    (no boots)
Stlth  ++........               (no amulet)
                                (no ring)
                                (no ring)

@: no status effects
A: thin skeletal structure 1, fire resistance 1
a: Renounce Religion


You were on level 4 of the Dungeon.
You worshipped Kikubaaqudgha.
Kikubaaqudgha was noncommittal.
You were not hungry.

You visited 2 branches of the dungeon, and saw 5 of its levels.

You collected 208 gold pieces.

Inventory:

Hand Weapons
 a - a +0 quarterstaff (weapon)
Missiles
 d - 3 throwing nets (quivered)
Armour
 b - a +0 leather armour
 c - a +0 helmet (worn)
 l - a +0 robe (worn)
Scrolls
 e - 3 scrolls of random uselessness {unknown}
 g - 2 scrolls of amnesia {unknown}
 h - 3 scrolls of teleportation {unknown}
 i - a scroll of fog {unknown}
 k - a scroll of identify {unknown}
 o - 2 scrolls of noise {unknown}
 t - a scroll of blinking {unknown}
Potions
 j - a potion of cure mutation
 m - 2 potions of flight {unknown}
 n - a potion of brilliance {unknown}
 p - 2 potions of invisibility {unknown}
 q - a potion of curing
 s - a potion of heal wounds
 x - 2 potions of berserk rage {unknown}
 z - a potion of might {unknown}
Comestibles
 f - 3 bread rations
 r - a meat ration
 u - a chunk of flesh
 v - a beef jerky
 w - a slice of pizza


   Skills:
 - Level 2.0 Fighting
 + Level 5.2 Staves
 - Level 1.7 Throwing
 - Level 2.6 Dodging
 + Level 0.0 Necromancy


You had 4 spell levels left.
You didn't know any spells.

Dungeon Overview and Level Annotations

Branches:
Dungeon (4/15)             Temple (1/1) D:4

Altars:
Ashenzari
Cheibriados
Fedhas
Gozag
Hepliaklqana
Kikubaaqudgha
Makhleb
Nemelex Xobeh
Okawaru
Ru
Trog
Xom
Yredelemnul
Zin
The Shining One


Innate Abilities, Weirdness & Mutations

You have a somewhat thin skeletal structure. (Dex +2, Stealth)
Your flesh is heat resistant. (rF+)


Message History

You are too injured to fight recklessly!
You are too injured to fight recklessly!
You are too injured to fight recklessly!
You are too injured to fight recklessly!
You are too injured to fight recklessly!
You are too injured to fight recklessly!
You are too injured to fight recklessly!
You see here 11 gold pieces.
Okay, then.
You barely miss the gnoll. The gnoll hits you.
The gnoll hits you from afar with a spear.
You barely miss the gnoll. The gnoll hits you. The gnoll misses you.
You completely miss the gnoll. The gnoll hits you.
The gnoll hits you from afar with a spear!
* * * LOW HITPOINT WARNING * * *
You sock the gnoll!
The gnoll is severely wounded.
The gnoll hits you!
You die...
Kikubaaqudgha rasps: "You have failed me!
Welcome... death!"

....##.####..#.#
#.g.##.......# #
#...#######.##
...# #># ####.g#
#)# ... ..# #.#
#.# #.#######.#
#.###$#.......#
#@##g#..#######
#g#.###.# #Zg##
##.# #...## #.#
#...#.. ##
#####.# #.# #.#
#.#


You could see 2 gnolls and an adder skeleton.

Vanquished Creatures
  A hound skeleton (D:4)
  3 adders (D:2)
  A gnoll (D:4)
  An adder skeleton (D:2)
  4 leopard geckos
  11 bats
  3 giant cockroaches
  9 goblins
  7 hobgoblins
  10 jackals
  3 quokkas
  3 ball pythons
  3 frilled lizards (D:2)
  7 kobolds
  A quokka skeleton (D:2)
  8 rats
75 creatures vanquished.

Notes
Turn   | Place    | Note
-------+----------+-------------------------------------------
     0 | D:1      | HarleyQuinn the Demonspawn Gladiator began the quest for the Orb.
     0 | D:1      | Reached XP level 1. HP: 16/16 MP: 1/1
    27 | D:1      | Reached skill level 3 in Staves
   270 | D:1      | Gained mutation: Your flesh is heat resistant. (rF+) [demonic ancestry]
   270 | D:1      | Reached XP level 2. HP: 22/22 MP: 2/2
   885 | D:1      | Reached XP level 3. HP: 24/27 MP: 3/3
  1161 | D:1      | Reached skill level 4 in Staves
  1377 | D:2      | Reached XP level 4. HP: 8/33 MP: 4/4
  3145 | D:4      | Reached skill level 5 in Staves
  3242 | D:4      | Found a staircase to the Ecumenical Temple.
  3252 | Temple   | Entered the Ecumenical Temple
  3450 | Temple   | Became a worshipper of Kikubaaqudgha
  3495 | D:4      | Gained mutation: You have a somewhat thin skeletal structure. (Dex +2, Stealth) [demonic ancestry]
  3495 | D:4      | Reached XP level 5. HP: 35/38 MP: 5/5
  3521 | D:4      | Slain by a gnoll

Vault maps used:
D:1:      dpeg_arrival_arbitrary_c
D:2:      serial_undead, serial_undead_a, serial_undead_a, serial_undead_b,
          serial_undead_e
D:4:      portal_sewer_entry_e, serial_bayou_lagoon_a, minmay_misc_feat_chi,
          kennysheep_generic_room_14
Temple:   regret_index_temple_generic_petals

Skill      XL: |  1  2  3  4 |
---------------+-------------+-----
Staves         | 3 4 5 |  5.2
Fighting       | |  2.0
Throwing       | |  1.7
Dodging        | |  2.6

Action                   |  1- 3 |  4- 6 || total
-------------------------+-------+-------++-------
Melee: Quarterstaff      |   124 |   104 ||   228
  Use: Potion            |     1 |     2 ||     3
 Stab: Sleeping          |       |     1 ||     1
  Eat: Chunk             |     1 |     7 ||     8
Armor: Leather armour    |    37 |       ||    37
       Robe              |    21 |    32 ||    53
Dodge: Dodged            |   165 |    74 ||   239
